 Dungeon Crawl Stone Soup version 0.28.0-47-ge53b351184 (webtiles) character file.

Game seed: 10263674122505885597

16 NinjaNoafa the Stinger (level 2, 22/22 HPs)
             Began as a Naga Venom Mage on Apr 28, 2022.
             Quit the game on level 1 of the Dungeon.
             The game lasted 00:02:11 (744 turns).

NinjaNoafa the Stinger (Naga Venom Mage)             Turns: 744, Time: 00:02:12

Health: 22/22      AC:  1    Str: 10    XL:     2   Next: 58%
Magic:  14/14      EV: 10    Int: 15    God:
Gold:   33         SH:  0    Dex: 11    Spells: 4/5 levels left

rFire   . . .      SeeInvis +   i - +0 dagger
rCold   . . .      Faith    .   (no shield)
rNeg    . . .      Spirit   .   a - +0 robe
rPois   +          Reflect  .   (no helmet)
rElec   .          Harm     .   (no cloak)
rCorr   .          Rampage  .   (no gloves)
Will    .....                   (no barding)
Stlth   ++........              (no amulet)
HPRegen 0.07/turn               b - ring of magical power
MPRegen 0.14/turn               (no ring)

@: very slow
A: AC +0, large, see invisible, deformed body, poison resistance, slowness 2,
spit poison 1, naga tail 1
a: Spit Poison


You were on level 1 of the Dungeon.
You visited 1 branch of the dungeon, and saw 1 of its levels.

You collected 33 gold pieces.

Inventory:

Hand Weapons
 i - a +0 dagger (weapon)
Missiles
 g - 3 atropa-tipped darts (quivered)
Armour
 a - a +0 robe (worn)
Jewellery
 b - a ring of magical power (left hand)
Scrolls
 c - a scroll of teleportation {unknown}
 e - a scroll of magic mapping {unknown}
 f - a scroll of identify {unknown}
 h - a scroll of fear {unknown}
Potions
 d - 2 potions of might {unknown}


   Skills:
 + Level 1.8 Dodging
 + Level 3.4 Stealth
 + Level 2.2 Spellcasting
 + Level 1.3 Transmutations
 + Level 4.2 Poison Magic


You had 4 spell levels left.
You knew the following spells:

 Your Spells              Type           Power      Damage    Failure   Level
a - Sting                 Tmut/Pois      40%        1d5       7%          1

Your spell library contained the following spells:

 Spells                   Type           Power      Damage    Failure   Level
 Poisonous Vapours        Pois/Air       16%        N/A       14%         2
 Mephitic Cloud           Conj/Pois/Air  5%         N/A       36%         3
 Olgreb's Toxic Radiance  Pois           14%        N/A       36%         4


Dungeon Overview and Level Annotations

Branches:
Dungeon (1/15)

Altars:

Shops:
D:1 [


Innate Abilities, Weirdness & Mutations

Your serpentine skin is tough. (AC +0)
You have supernaturally acute eyesight. (SInv)
Armour fits poorly on your strangely shaped body.
Your system is resistant to poisons. (rPois)
You cover ground very slowly.
You can spit poison.
You have a snake-like lower body.


Message History

You open the door.
Found a gnoll skeleton.
Found a gnoll skeleton.
There is an open door here.
You open the door.
Found a faded altar of an unknown god.
There is an open door here.
There is an open door here.
There is an open door here.
A bat comes into view.
A bat is nearby!
Aiming: Spit Poison (2% risk of failure)
Press: ? - help, Shift-Dir - straight line, f - bat
Aim: a bat (asleep, 100% to hit)
The splash of poison hits the bat!
You kill the bat!
You have got your breath back.
A goblin comes into view. It is wielding a +0 dagger.
Aiming: Spit Poison (2% risk of failure)
Press: ? - help, Shift-Dir - straight line, f - goblin
Aim: a goblin, wielding a +0 dagger (asleep, 100% to hit)
The splash of poison hits the goblin.
The goblin is poisoned.
The goblin is moderately wounded.
The goblin shouts!
Casting: Sting (safe; 7% risk of failure)
Confirm with . or Enter, or press ? or * to list all spells.
Aiming: Sting (safe; 7% risk of failure)
Press: ? - help, Shift-Dir - straight line, f/p - goblin
Aim: a goblin, wielding a +0 dagger (heavily wounded, poisoned, 64% to hit)
The sting hits the goblin.
The goblin looks even sicker.
You kill the goblin!
You see here a +0 dagger.
i - a +0 dagger
i - a +0 dagger (weapon)
You have got your breath back.
Found a stone staircase leading down.
There is a stone staircase leading down here.
Found 8 stones.
A giant cockroach comes into view.
Are you sure you want to abandon this character and quit the game? (Confirm with "yes".)

# #.## ######### B...###
#.......# #....##.......#
#...........#
#..@........#
#...........#
#...........#
.#####..######..(.#+######
..................#.#
..#####+#####.....#.##
..#PPP#.#PPP#.#......###
..#P⌠P#.#P⌠P#.#####....#
..#PPP#.#PPP# ##.#.#


You could see a giant cockroach (asleep).

Vanquished Creatures
  A dart slug (D:1)
  3 bats (D:1)
  2 endoplasms (D:1)
  2 goblins (D:1)
  A quokka (D:1)
  3 frilled lizards (D:1)
  2 rats (D:1)
14 creatures vanquished.

Notes
Turn   | Place    | Note
-------+----------+-------------------------------------------
     0 | D:1      | NinjaNoafa the Naga Venom Mage began the quest for the Orb.
     0 | D:1      | Reached XP level 1. HP: 15/15 MP: 3/3
   238 | D:1      | Reached XP level 2. HP: 16/22 MP: 5/5
   360 | D:1      | Found Nahoteru's Antique Armour Shoppe.
   649 | D:1      | Found a faded altar of an unknown god.
   744 | D:1      | Quit the game

Illustrated notes

Levels and vault maps discovered:
D:1:      beargit_arrival_greenhouse, layout_basic,
          dilly_ecumenical_altar_fadedgnrine, serial_shops,
          nicolae_shop_behind_doors

Action                   || total
-------------------------++-------
Melee: Unarmed           ||     5
 Cast: Sting             ||    12
 Abil: Spit Poison       ||     9
Armor: Robe              ||     2
Dodge: Dodged            ||     8
